 Dungeon Crawl Stone Soup version 0.30-a0-12-gd8047c6341 (webtiles) character file.

Game seed: 10813617453664228028

1286 Newt the Cutter (level 8, -1/60 HPs)
             Began as a Demonspawn Gladiator on Aug 23, 2022.
             Was a Follower of Dithmenos.
             Killed by nerve-wracking pain
             ... invoked by an orc priest
              (10 damage)
             ... on level 6 of the Dungeon.
             The game lasted 00:08:15 (5816 turns).

Newt the Cutter (Demonspawn Gladiator)              Turns: 5816, Time: 00:08:16

Health: -1/60      AC: 16    Str: 17    XL:     8   Next: 30%
Magic:  8/8        EV: 12    Int: 10    God:    Dithmenos [*.....]
Gold:   196        SH:  0    Dex: 14    Spells: 7/7 levels left

rFire   . . .      SeeInvis .    a - +1 rapier
rCold   . . .      Faith    .    (no shield)
rNeg    . . .      Spirit   .    b - +0 leather armour
rPois   .          Reflect  .    m - +2 hat
rElec   .          Harm     .    (no cloak)
rCorr   .          Rampage  .    o - +1 pair of gloves
Will    .....                    (no boots)
Stlth   +++.......               u - amulet of magic regeneration
HPRegen 0.20/turn                (no ring)
MPRegen 0.51/turn                (no ring)

@: about to teleport, marked, sanguine armoured, wreathed by umbra
A: horns 1, sanguine armour 2
a: Renounce Religion


You were on level 6 of the Dungeon.
You worshipped Dithmenos.
Dithmenos was aware of your devotion.
You visited 2 branches of the dungeon, and saw 7 of its levels.

You collected 284 gold pieces.
You spent 88 gold pieces at shops.

Inventory:

Hand Weapons
 a - a +1 rapier (weapon)
Missiles
 d - 2 throwing nets (quivered)
 e - a javelin
Armour
 b - a +0 leather armour (worn)
 c - a +0 helmet
 i - a +1 helmet
 m - a +2 hat (worn)
 o - a +1 pair of gloves (worn)
Jewellery
 j - a ring of fire
 u - an amulet of magic regeneration (around neck)
Wands
 l - a wand of roots (4)
Scrolls
 g - a scroll of fog
 v - a scroll of noise
 w - a scroll of identify
Potions
 f - a potion of lignification
 h - a potion of mutation
 k - 2 potions of attraction
 n - 2 potions of curing
 p - a potion of resistance {unknown}
 q - a potion of haste {unknown}
 r - a potion of invisibility {unknown}
 s - a potion of degeneration {unknown}
 t - 2 potions of heal wounds
 x - 3 potions of flight {unknown}


   Skills:
 - Level 4.0 Fighting
 - Level 6.0 Short Blades
 - Level 4.0 Throwing
 - Level 4.0 Armour
 - Level 2.6 Dodging
 + Level 3.9 Stealth


You had 7 spell levels left.
You didn't know any spells.
Your spell library contained the following spells:

 Spells                   Type           Power      Damage    Failure   Level
 Magic Dart               Conj           0%         1d3       41%         1
 Searing Ray              Conj           0%         2d4       56%         2
 Ozocubu's Armour         Ice            0%         N/A       80%         3
 Fulminant Prism          Conj/Hex       0%         3d6       99%         4
 Ozocubu's Refrigeration  Ice            0%         4d7       100%        7


Dungeon Overview and Level Annotations

Branches:
Dungeon (6/15)             Temple (1/1) D:4

Altars:
Ashenzari
Cheibriados
Dithmenos
Fedhas
Hepliaklqana
Kikubaaqudgha
Makhleb
Nemelex Xobeh
Okawaru
Qazlal
Ru
Uskayaw
Vehumet
Xom
Yredelemnul

Shops:
D:2 *


Innate Abilities, Weirdness & Mutations

You have a pair of small horns on your head.
When seriously injured, your blood forms thick armour. (AC +9)


Message History

The jelly completely misses you.
Unknown command.
You puncture the jelly!
You kill the jelly!
Dithmenos accepts your kill. The orc hits you but does no damage.
The orc barely misses you.
Unknown command.
You hit the orc. You headbutt the orc.
You kill the orc!
Dithmenos accepts your kill.
A hound comes into view.
Unknown command.
As you read the scroll of teleportation, it crumbles to dust.
You feel strangely unstable.
A water moccasin comes into view.
Something hits you but does no damage. The orc hits you but does no damage.
Unknown command.
You hit the orc priest.
The orc priest is lightly wounded.
Something barely misses you.
The orc priest hits you but does no damage.
The orc misses you.
An orc comes into view.
It is wielding a +0 club and quivering poisoned darts.
The orc warrior closely misses you.
You barely miss the orc priest. You headbutt the orc priest.
The orc priest is moderately wounded.
Something hits you but does no damage.
The orc priest hits you with a +2 mace of holy wrath.
You convulse.
The orc warrior hits you with a +0 flail!
* * * LOW HITPOINT WARNING * * *
The orc hits you with a +0 falchion.
* * * LOW HITPOINT WARNING * * *
You closely miss the orc priest.
You headbutt the orc priest, but do no damage.
The orc priest is moderately wounded.
Something hits you but does no damage.
The orc priest mumbles some strange prayers to Beogh against you.
Pain shoots through your body!
You die...

..# #.#####.###
..####.........#
........####.#.#
#.####### #.#.#
#.# #.#.# #.#
#.#h## #.#
#..S5## ..[
###S{o# #.#
#.#@# #.


#ooo# ##o## .o# ##.. #.## ..# #.# ..# You could see an orc warrior, 2 water
moccasins, a hound, an orc priest, a shadow imp and 4 orcs.

Vanquished Creatures
  The ghost of QueenGhuleh the Chopper, a novice MiBe of Trog (D:4)
  An ogre (D:4)
  A centaur (D:5)
  A phantom (D:4)
  2 necrophages
  2 scorpions
  A howler monkey (D:5)
  2 jellies
  A bullfrog zombie (D:4)
  A hound (D:5)
  A centaur skeleton (D:4)
  5 iguanas
  A killer bee zombie (D:4)
  Robin (D:4)
  A gnoll (D:1)
  2 adders
  A howler monkey skeleton (D:4)
  3 ufetubi
  2 worms (D:2)
  7 orcs
  5 bats
  3 endoplasms
  3 giant cockroaches
  9 hobgoblins
  4 jackals (D:1)
  4 kobolds
  5 quokkas
  9 ball pythons
  A frilled lizard (D:1)
  11 goblins
91 creatures vanquished.

Notes
Turn   | Place    | Note
-------+----------+-------------------------------------------
     0 | D:1      | Newt the Demonspawn Gladiator began the quest for the Orb.
     0 | D:1      | Reached XP level 1. HP: 16/16 MP: 1/1
    28 | D:1      | Reached skill level 1 in Stealth
    28 | D:1      | Gained mutation: When seriously injured, your blood forms
                  | armour. (AC +9) [demonic ancestry]
    28 | D:1      | Reached XP level 2. HP: 21/22 MP: 2/2
   208 | D:1      | Found a faded altar of an unknown god.
   557 | D:1      | Gained mutation: You have a pair of small horns on your
                  | head. [demonic ancestry]
   557 | D:1      | Reached XP level 3. HP: 18/28 MP: 3/3
  1611 | D:2      | Found Acaw's Assorted Antiques.
  1621 | D:2      | Bought a scroll labelled POESKA WILOZUI for 22 gold pieces
  1621 | D:2      | Bought a scroll labelled HUL OFERGHA for 22 gold pieces
  1621 | D:2      | Bought a scroll labelled HUL OFERGHA for 22 gold pieces
  1621 | D:2      | Bought a scroll labelled ASONLI LIREDI for 22 gold pieces
  2276 | D:3      | Found a sparkling altar of Nemelex Xobeh.
  2299 | D:3      | Noticed a scorpion
  2313 | D:3      | Killed a scorpion
  2314 | D:3      | Reached skill level 3 in Short Blades
  2314 | D:3      | Reached XP level 4. HP: 19/37 MP: 4/4
  2364 | D:3      | Found a burning altar of Makhleb.
  2485 | D:3      | Found a hide-covered altar of Uskayaw.
  2487 | D:3      | You fall into a shaft and drop 1 floor!
  2505 | D:4      | Reached XP level 5. HP: 20/42 MP: 5/5
  2665 | D:4      | Noticed a phantom
  2679 | D:4      | Killed a phantom
  2680 | D:4      | Reached skill level 4 in Short Blades
  2680 | D:4      | Reached skill level 1 in Armour
  2914 | D:4      | Reached XP level 6. HP: 29/48 MP: 6/6
  3077 | D:4      | Noticed Robin
  3097 | D:4      | Killed Robin
  3279 | D:4      | Found a staircase to the Ecumenical Temple.
  3327 | Temple   | Entered the Ecumenical Temple
  3576 | Temple   | Became a worshipper of Dithmenos the Shadowed
  3682 | D:4      | Found a runed translucent gate.
  3682 | D:4      | Found a runed translucent gate.
  3682 | D:4      | Found a runed translucent gate.
  3683 | D:4      | Noticed QueenGhuleh's ghost (novice MiBe)
  4323 | D:4      | Killed QueenGhuleh's ghost
  4324 | D:4      | Gained mutation: When seriously injured, your blood forms
                  | thick armour. (AC +9) [demonic ancestry]
  4324 | D:4      | Reached XP level 7. HP: 40/54 MP: 7/7
  4577 | D:5      | Entered Level 5 of the Dungeon
  4593 | D:4      | Reached skill level 5 in Short Blades
  5029 | D:5      | Reached XP level 8. HP: 60/60 MP: 8/8
  5294 | D:5      | Found a broken altar of Ashenzari.
  5309 | D:5      | Reached skill level 6 in Short Blades
  5603 | D:5      | Reached * piety under Dithmenos
  5816 | D:6      | Killed from afar by an orc priest

Illustrated notes

Levels and vault maps discovered:
D:1:      dpeg_arrival_stone_temple_mockup, layout_loops_ring,
          ebering_ecumenical_altar_box
D:2:      layout_basic, serial_shops, nicolae_lakefront_shop
D:3:      wad_lake_hut, layout_basic, lemuel_crystal_altar,
          general_overflow_altar, mainiacjoe_overflow_boulevard,
          lemuel_tele_altar, nicolae_overflow_hidden_temple,
          nicolae_overflow_squiral, uniq_grinder
D:4:      layout_basic, minmay_temple_entry_mini_moons,
          gammafunk_ghost_necromancy, uniq_robin
D:5:      layout_rooms, kennysheep_mini, kennysheep_cross_bottleneck, hex_tiny,
          kennysheep_opposing_triangles
D:6:      layout_loops_ring, grunt_decor_one_mirror, nicolae_specific_store,
          minmay_crystal_room
Temple:   oiseaux_autumnal_temple

Skill      XL: |  1  2  3  4  5  6  7  8 |
---------------+-------------------------+-----
Stealth        | 1 2 3 |  3.9
Fighting       | 4 |  4.0
Short Blades   | 3 4 5 6 |  6.0
Armour         | 2 4 |  4.0
Throwing       | 4 |  4.0
Dodging        | |  2.6

Action                   |  1- 3 |  4- 6 |  7- 9 || total
-------------------------+-------+-------+-------++-------
Melee: Rapier            |   128 |    94 |   122 ||   344
       Punch             |     2 |     1 |     1 ||     4
       Headbutt          |    11 |    17 |    27 ||    55
Throw: Throwing net      |     1 |       |       ||     1
  Use: Scroll            |    11 |     2 |     3 ||    16
       Potion            |     1 |     2 |       ||     3
 Stab: Sleeping          |     3 |     2 |       ||     5
Armor: Leather armour    |    33 |    22 |    72 ||   127
       Skin              |       |    76 |    59 ||   135
Dodge: Dodged            |    88 |    52 |    84 ||   224

Table legend: (Time is in decaauts)
 A = Elapsed time spent in this place.
 B = Non-inter-level travel time spent in this place.
 C = Inter-level travel time spent in this place.
 D = Time resting spent in this place.
 E = Time spent auto-exploring this place.
 F = Levels seen in this place.
 G = Mean time per level.
                   A        B        C        D        E       F      G
               +--------+--------+--------+--------+--------+-----+--------+
         Total |   5823 |   5621 |    202 |   1248 |   3642 |   7 |  831.9 |
       Dungeon |   5550 |   5377 |    173 |   1248 |   3412 |   6 |  925.0 |
        Temple |    272 |    243 |     29 |      0 |    230 |   1 |  272.0 |
               +--------+--------+--------+--------+--------+-----+--------+

Top non-repeatable levels by time:
     D:4: 2079 daAuts
     D:1: 1146 daAuts
     D:2: 1129 daAuts
     D:5: 870 daAuts
  Temple: 272 daAuts
     D:3: 219 daAuts
     D:6: 106 daAuts
